 Dungeon Crawl Stone Soup version 0.26-a0-958-gf3041fb45f (webtiles) character file.

Game seed: 1838552404099926793

11822 mhtbhm the Cruncher (level 11, -16/157 HPs)
             Began as a Minotaur Gladiator on Nov 30, 2020.
             Was a High Priest of Trog.
             Demolished by a white ugly thing (33 damage)
             ... on level 11 of the Dungeon.
             The game lasted 00:18:21 (10159 turns).

mhtbhm the Cruncher (Minotaur Gladiator)           Turns: 10159, Time: 00:18:21

Health: -16/157    AC: 16    Str: 22    XL:     11   Next: 54%
Magic:  10/10      EV: 14    Int:  5    God:    Trog [*****.]
Gold:   542        SH:  5    Dex: 12    Spells: 10/10 levels left

rFire    . . .     SeeInvis .   a - +6 lajatang
rCold    . . .     Faith    .   (shield currently unavailable)
rNeg     . . .     Spirit   .   b - +2 scale mail {rPois}
rPois    +         Reflect  +   c - +0 hat
rElec    .         Harm     .   y - +0 cloak
rCorr    +         Rampage  .   (no gloves)
MR       .....                  (no boots)
Stlth    ..........             n - amulet of reflection
HPRegen  0.36/turn              A - +4 ring of protection
MPRegen  0.12/turn              F - ring of resist corrosion

@: berserking, studying 2 skills, very quick
A: retaliatory headbutt, horns 2
a: Berserk, Trog's Hand, Brothers in Arms, Renounce Religion


You were on level 11 of the Dungeon.
You worshipped Trog.
Trog was extremely pleased with you.
You visited 1 branch of the dungeon, and saw 10 of its levels.
You also visited: Ossuary and Bailey.

You collected 731 gold pieces.
You spent 189 gold pieces at shops.

Inventory:

Hand Weapons
 a - a +6 lajatang (weapon)
Missiles
 e - 15 javelins (quivered)
Armour
 b - a +2 scale mail of poison resistance (worn)
 c - a +0 hat (worn)
 y - a +0 cloak (worn)
 B - the +5 chain mail "Jubbeari" {rN+}
   (You found it on level 8 of the Dungeon)

   It protects you from negative energy.
Jewellery
 k - an uncursed ring of fire
 n - an amulet of reflection (around neck)
 A - a +4 ring of protection (left hand)
 E - an uncursed amulet of regeneration
 F - a ring of resist corrosion (right hand)
Wands
 D - a wand of iceblast (9)
 J - a wand of random effects (10)
Scrolls
 f - a scroll of fog
 g - 3 scrolls of remove curse
 h - 2 scrolls of blinking
 i - a scroll of enchant weapon {unknown}
 l - 5 scrolls of amnesia {unknown}
 o - 2 scrolls of magic mapping
 r - 5 scrolls of immolation
 s - 5 scrolls of teleportation {unknown}
 u - a scroll of noise {unknown}
 x - 3 scrolls of fear {unknown}
 K - a scroll of enchant armour {unknown}
Potions
 d - 2 potions of resistance
 j - 2 potions of lignification
 m - 6 potions of mutation
 p - 6 potions of heal wounds
 q - 3 potions of cancellation
 t - 3 potions of haste {unknown}
 v - 3 potions of degeneration {unknown}
 w - 4 potions of attraction {unknown}
 z - 6 potions of curing
 C - 2 potions of might {unknown}
 G - a potion of experience {unknown}
 L - a potion of brilliance {unknown}
Books
 H - a manual of
Armour
 I - a manual of Fighting


   Skills:
 + Level 12.6 Fighting
 - Level 13.6 Staves
 + Level 2.3 Throwing
 + Level 12.2 Armour
 - Level 7.1 Dodging
 - Level 2.6 Stealth
 - Level 3.5 Shields
 + Level 0.1 Evocations


You had 10 spell levels left.
You didn't know any spells.
Your spell library contained the following spells:

 Spells                   Type           Power        Failure   Level
 Corpse Rot               Necr/Air       N/A          86%         2
 Stone Arrow              Conj/Erth      #.....       98%         3
 Summon Forest            Summ/Tloc      #.........   100%        5
 Eringya's Noxious Bog    Tmut/Pois      #.........   100%        6
 Hydra Form               Tmut           #.........   100%        6
 Summon Hydra             Summ           #.........   100%        7


Dungeon Overview and Level Annotations

Branches:
Dungeon (11/15)            Temple (0/1) D:7            Lair (0/6) D:8
Ossuary (visited)          Bailey (visited)
    Orc: D:9-12

Altars:
Gozag
Hepliaklqana
Nemelex Xobeh
Okawaru
Ru
Sif Muna
Trog
Uskayaw
Xom
Yredelemnul
The Shining One
Beogh

Shops:
D:7 [

Annotations:
D:3 3 runed translucent doors, Pooter's ghost, amateur DsIE


Innate Abilities, Weirdness & Mutations

You reflexively headbutt those who attack you in melee.
You have a pair of horns on your head.


Message History

You are too injured to fight recklessly!
You are too injured to fight recklessly!
You are too injured to fight recklessly!
You are too injured to fight recklessly!
You are too injured to fight recklessly!
You are too injured to fight recklessly!
You are too injured to fight recklessly!
You are too injured to fight recklessly!
You are too injured to fight recklessly!
You are too injured to fight recklessly!
A red film seems to cover your vision as you go berserk!
You feel yourself moving faster!
You feel mighty! The white ugly thing claws you!
The white ugly thing freezes you!!
* * * LOW HITPOINT WARNING * * *
You closely miss the white ugly thing.
The white ugly thing is severely wounded.
The white ugly thing claws you!
* * * LOW HITPOINT WARNING * * *
The white ugly thing freezes you!!
You die...

####...#.###.##..
###....#.#.#...##.. ###
............###... . #...
##........#####...
..#...##......##...#.....
..............##.[...#...
#...#...............<..
..#...!.#.....#.........
.......u@.....#.........
.../..u##...............
....... ###.............
....... ##..#.........
....... # #........<#.#
....... #.#.#.......#...
......?###.....#.......#.
.......#......##.##....##
..#.##(.....# .....#


You could see 2 ugly things.

Vanquished Creatures
  The ghost of Cheivey the Protected, a journeyman DDFi of Makhleb (D:10)
  A two-headed ogre (D:11)
  The ghost of DarkMailMan the Cleaver, a novice HOFi of Beogh (D:11)
  A manticore (D:8)
  A moth of wrath (D:11)
  The ghost of davenfal the Skirmisher, a novice HOFi (D:4)
  A cane toad (Bailey)
  A troll (D:11)
  A yak (D:8)
  Eustachio (D:5)
  A wraith (D:11)
  A vampire mosquito (D:8)
  Edmund (D:5)
  An acid dragon (D:8)
  7 water moccasins
  10 orc warriors (Bailey)
  An ice beast (D:10)
  2 black bears
  A phantom (D:8)
  2 sky beasts
  7 ogres
  11 centaurs
  An elf zombie (Ossuary)
  7 bullfrogs
  A wyvern zombie (D:7)
  2 scorpions
  3 killer bees (D:10)
  A wight (D:7)
  7 howler monkeys
  2 bullfrog zombies
  5 hounds
  2 jellies
  5 centaur zombies
  A human zombie (Ossuary)
  Crazy Yiuf (D:5)
  8 orc priests
  A bullfrog skeleton (D:3)
  2 iguanas
  7 orc wizards
  8 worker ants
  A killer bee zombie (D:8)
  A big kobold zombie (Ossuary)
  A hound zombie (D:8)
  2 mummies (Ossuary)
  2 worker ant zombies
  2 howler monkey skeletons
  3 gnolls (D:4)
  11 adders
  2 shadow imps
  2 ufetubi
  2 oozes
  An adder skeleton (D:5)
  2 adder zombies
  5 worms
  4 dart slugs
  4 leopard geckos
  41 orcs
  A ball python (D:1)
  5 bats
  2 giant cockroaches
  5 goblins
  5 hobgoblins
  11 jackals
  6 quokkas
  5 frilled lizards
  9 hobgoblin zombies (Ossuary)
  3 jackal zombies (Ossuary)
  6 kobolds
  11 kobold zombies (Ossuary)
  A leopard gecko skeleton (D:5)
  6 orc zombies (Ossuary)
  A quokka skeleton (D:10)
  A quokka zombie (D:7)
  5 rats
  A spectral orc (D:4)
289 creatures vanquished.

Vanquished Creatures (collateral kills)
  2 two-headed ogres (D:11)
  A cyclops (D:11)
3 creatures vanquished.

Vanquished Creatures (others)
  21 fungi
  22 plants (D:8)
43 creatures vanquished.

Grand Total: 335 creatures vanquished

Notes
Turn   | Place    | Note
-------+----------+-------------------------------------------
     0 | D:1      | mhtbhm the Minotaur Gladiator began the quest for the Orb.
     0 | D:1      | Reached XP level 1. HP: 18/18 MP: 0/0
   198 | D:1      | Reached skill level 4 in Staves
   206 | D:1      | Reached XP level 2. HP: 25/25 MP: 1/1
   689 | D:2      | Reached XP level 3. HP: 19/31 MP: 2/2
  1217 | D:2      | Found a sparkling altar of Nemelex Xobeh.
  1220 | D:2      | Found a sacrificial altar of Ru.
  1220 | D:2      | Found an opulent altar of Gozag.
  1221 | D:2      | Found a hide-covered altar of Uskayaw.
  1221 | D:2      | Found a bloodstained altar of Trog.
  1221 | D:2      | Found a hazy altar of Hepliaklqana.
  1234 | D:2      | Became a worshipper of Trog the Wrathful
  1382 | D:3      | Reached XP level 4. HP: 36/38 MP: 3/3
  1705 | D:3      | Reached skill level 1 in Armour
  1847 | D:3      | Found a runed translucent gate.
  1847 | D:3      | Noticed Pooter's ghost (amateur DsIE)
  1849 | D:3      | Found a runed translucent gate.
  1850 | D:3      | Found a runed translucent gate.
  1857 | D:3      | Found a roughly hewn altar of Beogh.
  1932 | D:4      | Noticed an ogre
  1939 | D:4      | Killed an ogre
  1940 | D:4      | Reached skill level 5 in Staves
  1940 | D:4      | Reached XP level 5. HP: 45/45 MP: 4/4
  2015 | D:4      | Reached * piety under Trog
  2024 | D:4      | Found an iron altar of Okawaru.
  2244 | D:4      | Found a basalt altar of Yredelemnul.
  2350 | D:4      | Reached XP level 6. HP: 41/52 MP: 5/5
  2432 | D:4      | Reached skill level 5 in Dodging
  2610 | D:4      | Reached skill level 6 in Staves
  2957 | D:4      | Found a runed translucent door.
  3018 | D:4      | Noticed davenfal's ghost (novice HOFi)
  3031 | D:4      | Killed davenfal's ghost
  3032 | D:4      | Reached skill level 7 in Staves
  3032 | D:4      | Reached skill level 1 in Stealth
  3032 | D:4      | Reached XP level 7. HP: 60/60 MP: 6/6
  3450 | D:5      | Entered Level 5 of the Dungeon
  3541 | D:5      | Noticed Edmund
  3546 | D:5      | Reached skill level 5 in Armour
  3562 | D:5      | Killed Edmund
  3563 | D:5      | Reached XP level 8. HP: 67/67 MP: 7/7
  3630 | D:5      | Reached skill level 5 in Fighting
  3674 | D:5      | Reached skill level 8 in Staves
  3883 | D:5      | Noticed Eustachio
  3904 | D:5      | Killed Eustachio
  4037 | D:5      | Found a glowing golden altar of the Shining One.
  4266 | D:5      | Found an iron altar of Okawaru.
  4542 | D:5      | Found a runed translucent door.
  4543 | D:5      | Noticed Crazy Yiuf
  4549 | D:5      | Killed Crazy Yiuf
  4682 | D:6      | Reached skill level 9 in Staves
  4834 | D:6      | Reached ** piety under Trog
  4956 | D:7      | Found a shimmering altar of Xom.
  4958 | D:7      | Found a staircase to the Ecumenical Temple.
  4985 | D:7      | Reached skill level 10 in Staves
  4985 | D:7      | Reached XP level 9. HP: 75/75 MP: 8/8
  5426 | D:7      | Found a shimmering blue altar of Sif Muna.
  5493 | D:7      | Found Ywkuciep's Antique Armour Shop.
  5505 | D:7      | Bought a glowing scale mail for 189 gold pieces
  5717 | D:8      | Reached skill level 11 in Staves
  5767 | D:8      | Found a sand-covered staircase.
  5867 | Ossuary  | Entered an ossuary
  5911 | Ossuary  | Reached *** piety under Trog
  6166 | D:8      | Reached skill level 1 in Shields
  6252 | D:8      | Reached **** piety under Trog
  6358 | D:8      | Reached skill level 12 in Staves
  6388 | D:8      | Reached XP level 10. HP: 64/86 MP: 9/9
  6519 | D:8      | Found a staircase to the Lair.
  6741 | D:8      | Got a smouldering chain mail
  6747 | D:8      | Identified the +5 chain mail "Jubbeari" {rN+} (You found it
                  | on level 8 of the Dungeon)
  6922 | D:8      | Found a sparkling altar of Nemelex Xobeh.
  6992 | D:8      | Noticed a manticore
  7000 | D:8      | Killed a manticore
  7278 | D:8      | You fall into a shaft and drop 3 floors!
  7283 | D:10     | Entered Level 10 of the Dungeon
  7316 | D:10     | Found a flagged portal.
  7467 | Bailey   | Entered a bailey
  7479 | Bailey   | Noticed a cane toad
  7479 | Bailey   | a centaur changed into a cane toad
  7485 | Bailey   | Killed a cane toad
  7486 | Bailey   | Reached skill level 13 in Staves
  7683 | Bailey   | Reached ***** piety under Trog
  8965 | D:10     | Received a gift from Trog
  9140 | D:10     | Reached XP level 11. HP: 89/97 MP: 10/10
  9230 | D:10     | Found a large runed translucent door.
  9230 | D:10     | Found a large runed translucent door.
  9230 | D:10     | Noticed Cheivey's ghost (journeyman DDFi)
  9288 | D:10     | Killed Cheivey's ghost
  9289 | D:10     | Reached skill level 10 in Armour
  9727 | D:11     | Reached skill level 10 in Fighting
  9744 | D:11     | Noticed a two-headed ogre
  9746 | D:11     | Noticed a two-headed ogre
  9747 | D:11     | Noticed DarkMailMan's ghost (novice HOFi)
  9750 | D:11     | Noticed a two-headed ogre
  9762 | D:11     | Found a bloodstained altar of Trog.
  9777 | D:11     | Found a transporter.
  9779 | D:11     | Found a transporter.
  9814 | D:11     | Killed a two-headed ogre
  9821 | D:11     | Killed a two-headed ogre
  9830 | D:11     | Killed a two-headed ogre
  9835 | D:11     | Killed DarkMailMan's ghost
 10150 | D:11     | Noticed a purple ugly thing
 10150 | D:11     | Noticed a white ugly thing
 10159 | D:11     | Demolished by a white ugly thing

Illustrated notes

Levels and vault maps discovered:
D:1:      roderic_chinese_lattice_arrival, layout_loops_ring
D:2:      layout_basic, grunt_temple_overflow_open
D:3:      layout_basic, biasface_ghost_orc_armoury
D:4:      layout_basic, yredelemnul_forgotten_temple_becter,
          ebering_ghost_inner_flame, okawaru_ov_weapons_minmay
D:5:      layout_basic, hangedman_feature_mirror, uniq_crazy_yiuf_cottage,
          uniq_eustachio, uniq_edmund
D:6:      layout_basic, minivault_19, grunt_ministairs_5,
          chequers_serial_rivers_micro_e, lightli_corner_chamber
D:7:      layout_cave_pools, lemuel_blue_sif_altar,
          minmay_temple_entry_statues_fountains, serial_shops, shop_fountains,
          xom_confusion_cloud
D:8:      minmay_blocky_corners, layout_loops_ring, due_lair_maze_entry_diamond,
          nicolae_ossuary_entry_plus, minmay_misc_feat_square,
          nemelex_spade_bored_becter
D:10:     minmay_weird_star, layout_basic, enter_bailey_5,
          ebering_ghost_disaster_area
D:11:     layout_rooms, hiddenorc2_lemuel, gammafunk_ghost_wrathful_warriors

Skill      XL: |  1  2  3  4  5  6  7  8  9 10 11 |
---------------+----------------------------------+-----
Staves         | 4 5 7 10 12 13 | 13.6
Fighting       | 3 4 6 7 9 12 | 12.6
Dodging        | 4 5 6 7 |  7.1
Armour         | 1 2 4 5 6 7 9 12 | 12.2
Stealth        | 1 2 |  2.6
Shields        | 1 3 |  3.5
Throwing       | |  2.3
Evocations     | |  0.1

Action                   |  1- 3 |  4- 6 |  7- 9 | 10-12 || total
-------------------------+-------+-------+-------+-------++-------
Melee: Quarterstaff      |    62 |    80 |   351 |   210 ||   703
       Headbutt          |     7 |    18 |    74 |    45 ||   144
       Lajatang          |       |       |       |    60 ||    60
Throw: Throwing net      |       |     2 |     1 |       ||     3
Invok: Berserk           |       |     1 |     5 |     6 ||    12
       Brothers in Arms  |       |       |       |     1 ||     1
Evoke: Wand              |       |       |       |     1 ||     1
  Use: Scroll            |     7 |       |     3 |     7 ||    17
       Potion            |       |       |       |     1 ||     1
 Stab: Held in net/web   |       |     1 |       |       ||     1
       Sleeping          |       |       |     1 |       ||     1
       Paralysed         |       |       |     2 |       ||     2
Armor: Leather armour    |    17 |     2 |       |       ||    19
       Ring mail         |       |    15 |    54 |       ||    69
       Scale mail        |       |       |    47 |    89 ||   136
Dodge: Dodged            |    31 |    39 |   152 |   146 ||   368
Block: Other             |     6 |     3 |    37 |    56 ||   102

Table legend: (Time is in decaauts)
 A = Elapsed time spent in this place.
 B = Non-inter-level travel time spent in this place.
 C = Inter-level travel time spent in this place.
 D = Time resting spent in this place.
 E = Time spent auto-exploring this place.
 F = Levels seen in this place.
 G = Mean time per level.
                   A        B        C        D        E       F      G
               +--------+--------+--------+--------+--------+-----+--------+
         Total |  10114 |   9864 |    250 |   1793 |   5351 |  12 |  842.8 |
       Dungeon |   8441 |   8191 |    250 |   1221 |   5044 |  10 |  844.1 |
       Ossuary |    247 |    247 |      0 |      0 |    101 |   1 |  247.0 |
        Bailey |   1425 |   1425 |      0 |    572 |    206 |   1 | 1425.0 |
               +--------+--------+--------+--------+--------+-----+--------+

Top non-repeatable levels by time:
     D:4: 1528 daAuts
  Bailey: 1425 daAuts
     D:8: 1316 daAuts
     D:5: 1203 daAuts
    D:10: 977 daAuts
     D:2: 694 daAuts
     D:1: 659 daAuts
     D:3: 584 daAuts
     D:7: 582 daAuts
    D:11: 454 daAuts
     D:6: 441 daAuts
 Ossuary: 247 daAuts
